 Dungeon Crawl Stone Soup version 0.23-a0-407-g92528d7c89 (console) character file.

65 Abuh the Skirmisher (level 3, 0/34 HPs)
             Began as a Minotaur Berserker on Nov 7, 2018.
             Was a Believer of Trog.
             Slain by Sigmund
             ... wielding a +0 scythe
              (10 damage)
             ... on level 3 of the Dungeon.
             The game lasted 00:03:34 (1665 turns).

Abuh the Skirmisher (Minotaur Berserker)            Turns: 1665, Time: 00:03:34

Health: 0/34       AC:  6    Str: 21    XL:     3   Next: 92%
Magic:  2/2        EV: 11    Int:  5    God:    Trog [**....]
Gold:   75         SH:  0    Dex:  9    Spells: 2/2 levels left

rFire    + . .     SeeInvis .   a - +0 hand axe
rCold    . . .     Gourm    .   (no shield)
rNeg     . . .     Faith    .   h - +1 ring mail {rF+}
rPois    .         Spirit   .   (helmet restricted)
rElec    .         Reflect  .   (no cloak)
rCorr    .         Harm     .   (no gloves)
MR       .....                  (no boots)
Stlth    ..........             (no amulet)
HPRegen  0.11/turn              (no ring)
MPRegen  0.08/turn              (no ring)

@: no status effects
A: retaliatory headbutt, horns 2
a: Berserk, Trog's Hand, Renounce Religion


You were on level 3 of the Dungeon.
You worshipped Trog.
Trog was pleased with you.
You were not hungry.

You visited 1 branch of the dungeon, and saw 3 of its levels.

You collected 75 gold pieces.

Inventory:

Hand Weapons
 a - a +0 hand axe (weapon)
Missiles
 e - 121 stones (quivered)
Armour
 b - a +0 animal skin
 h - a +1 ring mail of fire resistance (worn)
Scrolls
 f - 2 scrolls of identify {unknown}
 i - a scroll of immolation {unknown}
 j - 4 scrolls of teleportation {unknown}
 m - a scroll of remove curse {unknown}
Potions
 d - a potion of mutation {unknown}
 g - a potion of curing {unknown}
 k - a potion of ambrosia {unknown}
Comestibles
 c - 7 rations


   Skills:
 + Level 4.6 Fighting
 + Level 4.5 Axes
 + Level 2.8 Armour
 + Level 2.7 Dodging


You had 2 spell levels left.
You didn't know any spells.
Your spell library was empty.

Dungeon Overview and Level Annotations

Branches:
Dungeon (3/15)

Altars:
Elyvilon
The Shining One

Annotations:
D:3 Sigmund


Innate Abilities, Weirdness & Mutations

You reflexively headbutt those who attack you in melee.
You have a pair of horns on your head.


Message History

You are too injured to fight recklessly!
You are too injured to fight recklessly!
You are too injured to fight recklessly!
You are too injured to fight recklessly!
You are too injured to fight recklessly!
You slash Sigmund!
Sigmund is moderately wounded.
Sigmund hits you but does no damage.
A worm comes into view.
You hit Sigmund but do no damage.
Sigmund is moderately wounded.
Sigmund hits you with a +0 scythe.
* * * LOW HITPOINT WARNING * * *
You closely miss Sigmund.
Sigmund is moderately wounded.
Sigmund completely misses you. You furiously retaliate!
You headbutt Sigmund. You barely miss Sigmund.
Sigmund is heavily wounded.
Sigmund hits you with a +0 scythe!
You die...

.# #. . #. . #.###.
#....## ## #.....
.# ####....####.##
......)...(<(.#
.....#.@####.......
##. #.@# #.#####
#..# .# #..# . #g.#
.# #..# # #.w# ....


You could see Sigmund, a worm and a hobgoblin.

Vanquished Creatures
  An ooze (D:1)
  3 worms (D:2)
  3 dart slugs (D:1)
  A leopard gecko (D:1)
  A ball python (D:2)
  A giant cockroach (D:2)
  4 goblins (D:1)
  8 hobgoblins
  5 bats
  5 frilled lizards
  10 kobolds
  2 rats (D:1)
44 creatures vanquished.

Notes
Turn   | Place    | Note
-------+----------+-------------------------------------------
     0 | D:1      | Abuh the Minotaur Berserker began the quest for the Orb.
     0 | D:1      | Reached XP level 1. HP: 19/19 MP: 0/0
   170 | D:1      | Reached XP level 2. HP: 27/27 MP: 1/1
   380 | D:1      | Reached XP level 3. HP: 24/34 MP: 2/2
   424 | D:1      | Found a glowing golden altar of the Shining One.
   445 | D:1      | Reached ** piety under Trog
  1291 | D:2      | Found a white marble altar of Elyvilon.
  1655 | D:3      | Noticed Sigmund
  1665 | D:3      | Slain by Sigmund

Vault maps used:
D:1:      dpeg_arrival_morbid_curiosity, st_stairs_9,
          minmay_misc_feat_nine_boxes, tso_metal_star
D:2:      elyvilon_altar_3
D:3:      nicolae_qazlal_eye_of_the_storm, serial_glass, glass_columns_b,
          glass_columns_a, feat_on_display, item_on_display_a,
          kennysheep_generic_room_6, uniq_sigmund, uniq_terence

Skill      XL: |  1  2 |
---------------+-------+-----
Fighting       | 4 |  4.6
Axes           | 4 |  4.5
Armour         | |  2.8
Dodging        | |  2.7

Action                   || total
-------------------------++-------
Melee: Hand axe          ||    99
       Headbutt          ||    19
  Eat: Chunk             ||     2
Armor: Animal skin       ||     6
       Ring mail         ||    25
Dodge: Dodged            ||    65

Table legend:
 A = Non-vault XP
 B = Vault XP
 C = Vault XP percentage of total XP
 D = Non-vault monster count
 E = Vault monster count
 F = Vault count percentage of total count
                 A         B        C        D         E       F
            +---------+---------+-------+---------+---------+-------
      Total |      81 |      12 |  12.9 |      37 |       7 |  15.9
            +---------+---------+-------+---------+---------+-------
        D:1 |      48 |      12 |  20.0 |      22 |       7 |  24.1
        D:2 |      32 |       0 |   0.0 |      14 |       0 |   0.0
        D:3 |       1 |       0 |   0.0 |       1 |       0 |   0.0
            +---------+---------+-------+---------+---------+-------
